 Dungeon Crawl Stone Soup version 0.23.1 (webtiles) character file.

Game seed: 10691142205535449723

320 Kairos the Skirmisher (level 6, -8/48 HPs)
             Began as a Formicid Abyssal Knight on Mar 4, 2019.
             Was a Believer of Lugonu.
             Mangled by a moth of wrath (14 damage)
             ... on level 3 of the Dungeon.
             The game lasted 00:03:40 (2732 turns).

Kairos the Skirmisher (Formicid Abyssal Knight)     Turns: 2732, Time: 00:03:41

Health: -8/48      AC: 11    Str: 19    XL:     6   Next: 75%
Magic:  7/7        EV:  6    Int: 11    God:    Lugonu [**....]
Gold:   117        SH:  0    Dex: 10    Spells: 5/5 levels left

rFire    . . .     SeeInvis +   e - +3 quarterstaff
rCold    . . .     Gourm    .   (no shield)
rNeg     . . .     Faith    .   o - +0 plate armour
rPois    .         Spirit   .   (helmet unavailable)
rElec    .         Reflect  .   (no cloak)
rCorr    .         Harm     .   (no gloves)
MR       .....     Clarity  +   (no boots)
Stlth    ..........             (no amulet)
HPRegen  0.16/turn              (no ring)
MPRegen  0.10/turn              (no ring)

@: no status effects
A: permanent stasis, dig shafts and tunnels, four strong arms, antennae 3,
clarity, no potion heal 1
a: Dig, Shaft Self, Depart the Abyss, Bend Space, Renounce Religion


You were on level 3 of the Dungeon.
You worshipped Lugonu.
Lugonu was pleased with you.
You were very hungry.

You visited 1 branch of the dungeon, and saw 4 of its levels.
You visited the Abyss 1 time.

You collected 117 gold pieces.

Inventory:

Hand Weapons
 a - a +1 hand axe
 e - a +3 quarterstaff (weapon)
 k - a +1 spear of piercing
Armour
 o - a +0 plate armour (worn)
Scrolls
 d - a scroll of amnesia
 g - 4 scrolls of identify
 l - a scroll of immolation {unknown}
 m - a scroll of fog {unknown}
 n - a scroll of random uselessness {unknown}
 p - 2 scrolls of remove curse
Potions
 b - a potion of haste {unknown}
 f - 2 potions of heal wounds {unknown}
 h - 2 potions of curing {unknown}
 i - a potion of might {unknown}
 j - a potion of mutation {unknown}
 q - a potion of degeneration {unknown}
Comestibles
 c - 7 rations


   Skills:
 + Level 4.2 Fighting
 + Level 2.1 Axes
 + Level 4.1 Staves
 + Level 4.2 Armour
 + Level 1.2 Dodging
 + Level 0.2 Stealth
 + Level 2.5 Invocations


You had 5 spell levels left.
You didn't know any spells.
Your spell library was empty.

Dungeon Overview and Level Annotations

Branches:
Dungeon (4/15)
 Temple: D:4-7

Altars:
Makhleb
Trog
Wu Jian

Annotations:
D:4 1 runed translucent door, feelmyfire's ghost, amateur NaTm


Innate Abilities, Weirdness & Mutations

You cannot be hasted, slowed, berserked, paralysed or teleported.
You can dig through walls and to a lower floor.
Your four strong arms can wield two-handed weapons with a shield.
You have a pair of large antennae on your head. (SInv)
You possess an exceptional clarity of mind.
Potions are less effective at restoring your health.


Message History

You can't go up here!
You extend your mandibles.
You dig through the iron grate.
You are feeling very hungry.
The moth of wrath bites you!
You retract your mandibles.
You sock the moth of wrath!
The moth of wrath is lightly wounded.
The moth of wrath bites you!!
You closely miss the moth of wrath.
The moth of wrath is lightly wounded.
The moth of wrath bites you but does no damage.
The moth of wrath bites you!
* * * LOW HITPOINT WARNING * * *
You hit the moth of wrath.
The moth of wrath is moderately wounded.
The moth of wrath barely misses you.
You hit the moth of wrath.
The moth of wrath is moderately wounded.
The moth of wrath bites you!
You die...

..##.......#.....###..###.##.####
#'##....?..#.....# ##.###........
........########### #..##.##.####
........# ###....####.##.##.....
........# ##)......###.##.##.....
........# #)........##..#.##.....
...########)...#....###....+.....
#### #....###...##....##.....
#.._.#y@.........#......
#....###...####..#.###..
##....#....# #.>#.###..
#.).......# #.........
##.......## ####.###.. ###....##
#.# #.. ###### #.# ##. #.# #. #.#
#.


You could see a moth of wrath.

Vanquished Creatures
  Sigmund (D:2)
  2 orc wizards (D:3)
  3 adders
  An ooze (D:1)
  3 worms
  2 dart slugs (D:1)
  2 orcs (D:3)
  8 giant cockroaches
  10 goblins
  7 hobgoblins
  3 jackals (D:2)
  10 kobolds
  A quokka (D:3)
  4 bats
  6 frilled lizards
  6 rats
69 creatures vanquished.

Notes
Turn   | Place    | Note
-------+----------+-------------------------------------------
     0 | Abyss:1  | Kairos the Formicid Abyssal Knight began the quest for the
                  | Orb.
     0 | Abyss:1  | Reached XP level 1. HP: 18/18 MP: 2/2
    85 | Abyss:1  | Found a corrupted altar of Lugonu.
   110 | Abyss:1  | Noticed a neqoxec
   112 | Abyss:1  | Gained mutation: Potions are less effective at restoring
                  | your health. [a neqoxec]
   113 | Abyss:1  | Gained mutation: You possess an exceptional clarity of
                  | mind. [a neqoxec]
   115 | Abyss:1  | Found a corrupted altar of Lugonu.
   145 | Abyss:2  | Noticed a thrashing horror
   148 | D:1      | Escaped the Abyss
   169 | D:1      | Reached XP level 2. HP: 21/24 MP: 3/3
   204 | D:1      | Reached * piety under Lugonu
   283 | D:1      | Reached XP level 3. HP: 18/30 MP: 4/4
   665 | D:1      | Reached skill level 1 in Dodging
   676 | D:1      | Reached skill level 1 in Staves
   960 | D:2      | Reached XP level 4. HP: 29/37 MP: 5/5
   972 | D:2      | Reached ** piety under Lugonu
  1012 | D:2      | Found an ornate altar of the Wu Jian Council.
  1012 | D:2      | Found a burning altar of Makhleb.
  1090 | D:2      | Found a faded altar of an unknown god.
  1197 | D:2      | Noticed Sigmund
  1215 | D:2      | Killed Sigmund
  1215 | D:2      | Reached XP level 5. HP: 23/42 MP: 6/6
  1215 | D:2      | Reached XP level 6. HP: 26/48 MP: 7/7
  2327 | D:3      | Noticed a moth of wrath
  2330 | D:3      | Found a bloodstained altar of Trog.
  2710 | D:4      | Found a runed translucent door.
  2710 | D:4      | Noticed feelmyfire's ghost (amateur NaTm)
  2732 | D:3      | Mangled by a moth of wrath

Skill      XL: |  1  2  3  4  5  6 |
---------------+-------------------+-----
Fighting       | 4 |  4.2
Dodging        | 1 |  1.2
Staves         | 1 3 4 |  4.1
Armour         | 3 4 |  4.2
Axes           | |  2.1
Stealth        | |  0.2
Invocations    | |  2.5

Action                   |  1- 3 |  4- 6 || total
-------------------------+-------+-------++-------
Melee: Quarterstaff      |    92 |   109 ||   201
Invok: Depart the Abyss  |     1 |       ||     1
 Abil: Dig               |       |     1 ||     1
  Use: Scroll            |     4 |       ||     4
  Eat: Chunk             |       |     5 ||     5
Armor: Leather armour    |    13 |       ||    13
       Plate armour      |    27 |    98 ||   125
Dodge: Dodged            |    65 |    45 ||   110
